 Dungeon Crawl Stone Soup version 0.24.0-37-gcf1ca852f1 (webtiles) character file.

Game seed: 5649461543063113654, levelgen mode: deterministic

277527 grindst0ne the Spry (level 19, -8/152 HPs)
             Began as a Vampire Gladiator on Nov 21, 2019.
             Was the Champion of Okawaru.
             Killed from afar by a wizard (45 damage)
             ... with a crystal spear
             ... on level 3 of the Vaults.
             The game lasted 01:50:48 (37598 turns).

grindst0ne the Spry (Vampire Gladiator)            Turns: 37598, Time: 01:50:48

Health: -8/152     AC: 23    Str: 18    XL:     19   Next: 61%
Magic:  20/25      EV: 21    Int: 11    God:    Okawaru [******]
Gold:   2449       SH: 17    Dex: 27    Spells: 18/18 levels left

rFire    + + +     SeeInvis +   Y - +9 scimitar "Mosuboce" {flame, *Noise *Slow rPois Dex+9}
rCold    . . .     Gourm    .   T - +0 shield {AC+3}
rNeg     . . .     Faith    .   x - +0 fire dragon scales
rPois    +         Spirit   .   i - +1 helmet {SInv}
rElec    .         Reflect  +   N - scarf {rC+ rF+}
rCorr    .         Harm     .   b - +1 pair of gloves "Seuluum Zulu" {MR+}
MR       ++...                  y - +1 pair of boots
Stlth    +.........             E - +3 amulet of reflection
HPRegen  0.55/turn              z - +3 ring of slaying
MPRegen  0.19/turn              m - ring of poison resistance

@: heroism, finesse, regenerating quickly, studying 2 skills, very heavily
drained
A: no food, fangs 3, see invisible, unbreathing
}: 2/15 runes: decaying, serpentine
a: Exsanguinate, Heroism, Finesse, Renounce Religion


You were on level 3 of the Vaults.
You worshipped Okawaru.
Okawaru was exalted by your worship.
You were alive.

You visited 6 branches of the dungeon, and saw 33 of its levels.
You also visited: Wizlab.

You collected 3289 gold pieces.
You spent 840 gold pieces at shops.

Inventory:

Hand Weapons
 t - the +12 Vampire's Tooth {vamp}
   (You bought it in a shop on level 2 of the Orcish Mines)

   It inflicts no extra harm, but heals its wielder when it wounds a living foe.
 Y - the +9 scimitar "Mosuboce" (weapon) {flame, *Noise *Slow rPois Dex+9}
   (Okawaru gifted it to you on level 14 of the Dungeon)

   It has been specially enchanted to burn those struck by it, causing extra
   injury to most foes and up to half again as much damage against particularly
   susceptible opponents.
   Big, fiery blades are also staple armaments of hydra-hunters.
   It affects your dexterity (+9).
   It protects you from poison.
   It may make noises in combat.
   It may slow you when you take damage.
 Z - the +9 falchion of Impatience {antimagic, rElec}
   (Okawaru gifted it to you on level 1 of the Swamp)

   It reduces the magical energy of the wielder, and disrupts the spells and
   magical abilities of those hit.
   Natural abilities and divine invocations are not affected.
   It insulates you from electricity.
Missiles
 d - a throwing net (quivered)
Armour
 b - the +1 pair of gloves "Seuluum Zulu" (worn) {MR+}
   (You acquired it on level 1 of the Lair of Beasts)

   It affects your resistance to hostile enchantments.
 i - a +1 helmet of see invisible (worn)
 n - +0 ice dragon scales
 w - the +3 leather armour of the Depths {rF+ Str+2 Int+3 Stlth+}
   (You found it on level 4 of the Dungeon)

   It affects your strength (+2).
   It affects your intelligence (+3).
   It protects you from fire.
   It makes you more stealthy.
 x - +0 fire dragon scales (worn)
 y - a +1 pair of boots (worn)
 N - a scarf of resistance (worn)
 T - a +0 shield of protection (worn)
 U - the +0 cloak "Nyox" {*Corrode +Blink rPois MR+ Int+3}
   (You acquired it on level 11 of the Dungeon)

   It affects your intelligence (+3).
   It protects you from poison.
   It affects your resistance to hostile enchantments.
   It lets you blink.
   It may corrode you when you take damage.
Jewellery
 m - a ring of poison resistance (right hand)
 z - a +3 ring of slaying (left hand)
 D - the ring "Kaffyu" {rN+ MR+ Dex+2}
   (You found it on level 2 of the Swamp)

   [ring of protection from magic]

   It affects your dexterity (+2).
   It protects you from negative energy.
   It affects your resistance to hostile enchantments.
 E - a +3 amulet of reflection (around neck)
 J - an uncursed ring of resist corrosion
 O - a cursed ring of attention {unknown}
 P - an uncursed ring of protection from cold
 V - an uncursed ring of protection from magic
Wands
 A - a wand of paralysis (13)
 G - a wand of disintegration (28)
 H - a wand of polymorph (26)
 X - a wand of digging (4)
Scrolls
 e - 9 scrolls of teleportation
 f - 7 scrolls of enchant armour
 k - 5 scrolls of enchant weapon
 l - 5 scrolls of magic mapping
 p - 7 scrolls of fear
 r - 2 scrolls of fog
 s - 3 scrolls of amnesia
 v - a scroll of blinking
 B - 6 scrolls of remove curse
Potions
 a - a potion of cancellation
 c - 5 potions of mutation
 g - a potion of resistance
 h - 6 potions of brilliance
 j - a potion of curing
 o - 4 potions of invisibility
 F - 3 potions of haste
 K - a potion of berserk rage
 L - 3 potions of magic
 M - a potion of experience {unknown}
 Q - 7 potions of flight
 R - a potion of might
Books
 S - a manual of Spellcasting
 W - a manual of Short Blades
Miscellaneous
 C - a lightning rod (4/4)
 I - a phantom mirror


   Skills:
 + Level 14.1(11.9) Fighting
 + Level 11.3(11.7) Short Blades
 - Level 12.3(11.6) Long Blades
 - Level 1.5(1.2) Throwing
 + Level 15.2(12.8) Armour
 + Level 15.5(13.1) Dodging
 + Level 14.1(12.0) Shields
 - Level 9.0(3.3) Invocations
 - Level 6.0(0.7) Evocations


You had 18 spell levels left.
You didn't know any spells.
Your spell library contained the following spells:

 Spells                   Type           Power        Failure   Level  Hunger
 Animate Skeleton         Necr           N/A          83%         1    N/A
 Corona                   Hex            #......      83%         1    N/A
 Freeze                   Ice            #...         83%         1    N/A
 Pain                     Necr           #...         83%         1    N/A
 Summon Small Mammal      Summ           #...         83%         1    N/A
 Call Imp                 Summ           #.......     92%         2    N/A
 Corpse Rot               Necr           N/A          92%         2    N/A
 Ensorcelled Hibernation  Hex/Ice        #.....       92%         2    N/A
 Sublimation of Blood     Necr           #.........   92%         2    N/A
 Throw Frost              Conj/Ice       #.....       92%         2    N/A
 Call Canine Familiar     Summ           #.......     99%         3    N/A
 Confuse                  Hex            #.......     99%         3    N/A
 Dazzling Spray           Conj/Hex       #.....       99%         3    N/A
 Ozocubu's Armour         Chrm/Ice       #.......     99%         3    N/A
 Regeneration             Chrm/Necr      #.........   99%         3    N/A
 Summon Guardian Golem    Hex/Summ       #.......     99%         3    N/A
 Tukima's Dance           Hex            #.......     99%         3    N/A
 Vampiric Draining        Necr           #.........   99%         3    N/A
 Animate Dead             Necr           N/A          100%        4    N/A
 Cause Fear               Hex            #.........   100%        4    N/A
 Ice Form                 Ice/Tmut       #.......     100%        4    N/A
 Leda's Liquefaction      Hex/Erth       #.........   100%        4    N/A
 Summon Ice Beast         Ice/Summ       #.......     100%        4    N/A
 Summon Lightning Spire   Summ/Air       #.......     100%        4    N/A
 Throw Icicle             Conj/Ice       #.......     100%        4    N/A
 Agony                    Necr           #.......     100%        5    N/A
 Bolt of Draining         Conj/Necr      #.........   100%        5    N/A
 Dispel Undead            Necr           #.......     100%        5    N/A
 Excruciating Wounds      Chrm/Necr      #.........   100%        5    N/A
 Metabolic Englaciation   Hex/Ice        #.........   100%        5    N/A
 Silence                  Hex/Air        #.........   100%        5    N/A
 Yara's Violent Unravell  Hex/Tmut       #.........   100%        5    N/A
 Bolt of Cold             Conj/Ice       #.........   100%        6    N/A
 Deflect Missiles         Chrm/Air       #.........   100%        6    N/A
 Freezing Cloud           Conj/Ice/Air   #.........   100%        6    N/A
 Ozocubu's Refrigeration  Ice            #.........   100%        6    N/A
 Simulacrum               Ice/Necr       #.........   100%        6    N/A
 Discord                  Hex            #.........   100%        8    N/A

Dungeon Overview and Level Annotations

Branches:
Dungeon (14/15)            Temple (0/1) D:4            Lair (6/6) D:9
  Swamp (4/4) Lair:2        Snake (4/4) Lair:2        Slime (0/5) Lair:6
    Orc (2/2) D:9             Elf (0/3) Orc:2        Vaults (3/5) D:14
  Crypt (0/3) Vaults:3     WizLab (visited)

Altars:
Ashenzari
Kikubaaqudgha
Makhleb
Okawaru
Vehumet
Yredelemnul
The Shining One

Shops:
D:9 [(   D:14 *   Orc:2 }*(:   Snake:1 (*}   Vaults:1 (   Vaults:2 *[[

Annotations:
D:8 exclusion: downstairs
D:11 exclusion: downstairs
Vaults:2 Mara


Innate Abilities, Weirdness & Mutations

You do not eat.
Your natural rate of healing is unusually fast.
You have razor-sharp teeth.
You have supernaturally acute eyesight. (SInv)
You can survive without breathing.


Message History

You slash the vampire mage! You burn the vampire mage.
The vampire mage is moderately damaged.
You block the flying skull's attack.
You slice the vampire mage!! You burn the vampire mage.
The vampire mage is severely damaged.
You block the vampire mage's attack. x2
You slice the vampire mage!! You burn the vampire mage.
You destroy the vampire mage!
Okawaru accepts your kill.
The spectral ironbrand convoker disappears in a puff of smoke!
The wight disappears in a puff of smoke!
The flying skull disappears in a puff of smoke!
The phantasmal warrior disappears in a puff of smoke!
You start resting.
The wizard is too close now for your liking.
You slash the wizard! You burn the wizard.
The wizard is heavily wounded.
The wizard casts a spell at you. The crystal spear hits you!!!
You die...

.... ..# ...##.#
...#.# # ....#
..##.##...#
....>..p..#
##...#######+
#..nV#......#
.......#)#@.....#
#.....##.p......#
..........####...####+
########'## #..>....#
#.. #.......# #.
#.......# # #####...#
#...# #...#


You could see a wizard.

Vanquished Creatures
  Vashnia (Snake:2)
  Saint Roka (Snake:2)
  A sphinx (Vaults:1)
  Agnes (D:14)
  Frances (Snake:1)
  Kirke (D:14)
  A thorn hunter (Swamp:4)
  7 nagarajas (Snake:4)
  A vault warden (Vaults:1)
  Louise (Swamp:3)
  Aizul (Snake:2)
  7 ironheart preservers
  3 stone giants (Vaults:2)
  2 very ugly things (Vaults:2)
  A deep elf annihilator (Vaults:1)
  Azrael (D:12)
  A small abomination (Vaults:2)
  The ghost of Siddir the Blocker, a journeyman MiBe of Trog (Snake:1)
  An orange crystal statue (WizLab)
  2 large abominations (Vaults:2)
  A deep elf death mage (Vaults:2)
  2 fire dragons (Vaults:1)
  A great orb of eyes (Vaults:1)
  12 naga warriors
  A yaktaur captain (Vaults:1)
  2 vault guards
  19 hydras
  3 ice dragons
  2 ghost crabs
  3 shambling mangroves
  9 centaur warriors
  25 two-headed ogres
  7 ogre magi
  11 anacondas
  2 death knights
  10 alligators
  A spriggan berserker (Swamp:4)
  2 vampire magi (Vaults:3)
  9 shock serpents
  2 deep troll shamans (Vaults:1)
  16 naga sharpshooters
  A fire crab (shapeshifter) (Vaults:2)
  Sonja (Lair:2)
  4 deep elf knights (Vaults:2)
  A shadow wraith (Vaults:2)
  The ghost of Esos the Chiller, a novice DgIE (D:7)
  A spriggan druid (Swamp:4)
  4 deep trolls
  5 salamander mystics
  3 skeletal warriors (Vaults:2)
  A flayed ghost (Vaults:1)
  6 unseen horrors
  16 swamp dragons
  A glowing orange brain (Vaults:2)
  3 harpies (Vaults:1)
  3 deep elf archers
  3 ironbrand convokers
  7 orc knights
  A necromancer (D:14)
  6 orc sorcerers
  7 naga ritualists
  A wolf spider zombie (Vaults:1)
  16 ugly things
  10 mana vipers
  3 deep elf magi
  17 salamanders
  A wolf spider (Vaults:3)
  7 cyclopes
  3 manticores
  11 elephants
  A cyclops (shapeshifter) (Vaults:2)
  9 guardian serpents
  5 vault sentinels
  Maurice (D:12)
  37 black mambas
  A black mamba (shapeshifter) (Vaults:1)
  17 spiny frogs
  15 naga magi
  2 gargoyles
  7 komodo dragons
  2 rime drakes
  A freezing wraith (D:14)
  3 yaktaurs (Vaults:2)
  An efreet (D:14)
  3 spectral nagas (Snake:1)
  11 trolls
  A jumping spider (shapeshifter) (Vaults:2)
  A meliai (shapeshifter) (D:14)
  13 hornets
  2 polar bears
  9 blink frogs
  30 slime creatures
  A human simulacrum (Vaults:1)
  10 tyrant leeches
  8 hippogriffs
  11 bog bodies
  7 dream sheep
  A centaur simulacrum (D:14)
  5 shadows
  A water elemental (D:11)
  17 spriggans
  A vampire (D:14)
  3 wraiths
  87 yaks
  3 basilisks
  4 wyverns
  A human (D:9)
  2 hungry ghosts
  2 fire elementals (D:12)
  8 wargs
  14 vampire mosquitoes
  65 nagas
  18 insubstantial wisps
  11 water moccasins
  A soldier ant (D:13)
  An acid dragon (D:13)
  A soldier ant (shapeshifter) (D:14)
  20 swamp worms
  11 porcupines
  18 swamp drakes
  7 sky beasts
  14 black bears
  A guardian serpent simulacrum (Snake:1)
  22 orc warriors
  7 ice beasts
  A black mamba simulacrum (Snake:1)
  A phantom (D:11)
  2 human zombies (Vaults:1)
  An eye of draining (D:13)
  34 ogres
  An ettin simulacrum (Vaults:2)
  31 wolves
  13 centaurs
  4 boggarts (Lair:6)
  9 crocodiles
  A big kobold (D:12)
  A yaktaur zombie (Vaults:1)
  10 bullfrogs
  9 scorpions
  14 killer bees
  8 wights
  An orc simulacrum (Vaults:1)
  7 howler monkeys
  3 electric eels
  2 centaur zombies
  6 crimson imps
  8 jellies
  3 bullfrog zombies
  A quasit (D:10)
  18 orc priests
  A salamander simulacrum (Snake:1)
  24 orc wizards
  3 bullfrog skeletons
  7 hounds
  2 centaur skeletons
  5 hell rats (Lair:5)
  4 iguanas
  13 worker ants
  4 naga simulacra (Snake:1)
  A bullfrog simulacrum (D:7)
  A howler monkey skeleton (D:7)
  10 adders
  6 shadow imps
  3 white imps (D:7)
  An ooze (D:5)
  2 dart slugs
  3 leopard geckos
  112 orcs
  3 ball pythons
  2 bat zombies (D:2)
  6 giant cockroaches
  8 hobgoblins
  11 jackals
  3 quokkas
  10 bats
  2 frilled lizards
  7 goblins
  A jackal zombie (D:5)
  13 kobolds
  2 quokka skeletons (D:5)
  14 rats
  3 rat zombies (D:2)
  A crawling corpse (Vaults:2)
1352 creatures vanquished.

Vanquished Creatures (collateral kills)
  2 fire elementals (D:12)
  A hell hound (D:12)
3 creatures vanquished.

Vanquished Creatures (others)
  A cyclops (Vaults:1)
  A human (D:14)
  A naga (Snake:4)
  A swamp worm (Swamp:4)
  A hell hound (D:12)
  An orc wizard (Vaults:2)
  2 orcs
  3 briar patches (Swamp:4)
  A bush (Lair:1)
  13 fungi
  22 plants
47 creatures vanquished.

Grand Total: 1402 creatures vanquished

Notes
Turn   | Place    | Note
-------+----------+-------------------------------------------
     0 | D:1      | grindst0ne the Vampire Gladiator began the quest for the
                  | Orb.
     0 | D:1      | Reached XP level 1. HP: 16/16 MP: 1/1
    85 | D:1      | Reached XP level 2. HP: 22/22 MP: 2/2
   387 | D:1      | Reached XP level 3. HP: 28/28 MP: 3/3
   598 | D:2      | Found an ancient bone altar of Kikubaaqudgha.
   816 | D:2      | Found a shattered altar of Ashenzari.
   861 | D:2      | Reached XP level 4. HP: 34/34 MP: 4/4
  1070 | D:3      | Found a faded altar of an unknown god.
  1075 | D:3      | Noticed an ogre
  1104 | D:3      | Killed an ogre
  1104 | D:3      | Reached XP level 5. HP: 24/41 MP: 5/5
  1243 | D:3      | Reached skill level 5 in Dodging
  1280 | D:3      | Found an iron altar of Okawaru.
  1287 | D:3      | Became a worshipper of Warmaster Okawaru
  1565 | D:3      | Reached XP level 6. HP: 37/47 MP: 6/6
  1831 | D:3      | Reached skill level 5 in Long Blades
  1991 | D:4      | Reached XP level 7. HP: 46/54 MP: 7/7
  2017 | D:4      | Found a staircase to the Ecumenical Temple.
  2046 | D:4      | Got a brightly glowing leather armour
  2078 | D:4      | Identified the +3 leather armour of the Depths {rF+ Str+2
                  | Int+3 Stlth+} (You found it on level 4 of the Dungeon)
  2418 | D:5      | Entered Level 5 of the Dungeon
  2497 | D:5      | Reached * piety under Okawaru
  2805 | D:5      | Reached skill level 5 in Fighting
  3110 | D:5      | Found an iron altar of Okawaru.
  3113 | D:5      | Reached XP level 8. HP: 62/62 MP: 8/8
  3503 | D:6      | Reached ** piety under Okawaru
  4110 | D:7      | Found a radiant altar of Vehumet.
  4250 | D:7      | Reached XP level 9. HP: 71/71 MP: 9/9
  4420 | D:7      | Found a runed translucent gate.
  4420 | D:7      | Found a runed translucent gate.
  4420 | D:7      | Found a runed translucent gate.
  4606 | D:7      | Reached *** piety under Okawaru
  4644 | D:7      | Noticed Esos's ghost (novice DgIE)
  5347 | D:8      | Found a glowing golden altar of the Shining One.
  5386 | D:8      | Found a basalt altar of Yredelemnul.
  5733 | D:9      | Found a staircase to the Lair.
  5817 | D:9      | Reached **** piety under Okawaru
  5822 | D:9      | Reached skill level 10 in Dodging
  5846 | D:9      | Reached XP level 10. HP: 47/81 MP: 10/10
  6537 | D:9      | Reached ***** piety under Okawaru
  6859 | D:9      | Reached skill level 1 in Invocations
  6859 | D:9      | Reached skill level 1 in Evocations
  6892 | D:9      | Found Ciphos's Weapon Boutique.
  6894 | D:9      | Found a staircase to the Orcish Mines.
  6895 | D:9      | Noticed a manticore
  6896 | D:9      | Found Yzejy's Armour Boutique.
  6909 | D:9      | Killed a manticore
  7516 | D:10     | Entered Level 10 of the Dungeon
  7526 | D:10     | Noticed an unseen horror
  7546 | D:10     | Killed an unseen horror
  7546 | D:10     | Reached skill level 1 in Shields
  7546 | D:10     | Reached XP level 11. HP: 80/90 MP: 12/12
  7892 | D:10     | Noticed a two-headed ogre
  7908 | D:10     | Killed a two-headed ogre
  7908 | D:10     | Reached skill level 10 in Fighting
  8208 | Lair:1   | Entered Level 1 of the Lair of Beasts
  8233 | Lair:1   | Identified a scroll of acquirement
  8236 | Lair:1   | Got a pair of transparent gloves
  8242 | Lair:1   | Identified the +1 pair of gloves "Seuluum Zulu" {MR+} (You
                  | acquired it on level 1 of the Lair of Beasts)
  8468 | Lair:1   | Reached ****** piety under Okawaru
  8478 | Lair:1   | Noticed a seven-headed hydra
  8602 | Lair:1   | Received a gift from Okawaru
  9414 | Lair:1   | Received a gift from Okawaru
  9663 | Lair:1   | Killed a seven-headed hydra
  9663 | Lair:1   | Reached skill level 5 in Invocations
  9663 | Lair:1   | Reached skill level 5 in Evocations
  9663 | Lair:1   | Reached XP level 12. HP: 83/99 MP: 15/15
 10022 | Lair:2   | Found a staircase to the Snake Pit.
 10618 | Lair:2   | Reached skill level 5 in Shields
 10751 | Lair:2   | Noticed Sonja
 10754 | Lair:2   | Killed Sonja
 10754 | Lair:2   | Received a gift from Okawaru
 10757 | Lair:2   | Got a bloodstained animal skin {god gift}
 10768 | Lair:2   | Identified the +2 animal skin "Giekil" {rN+ Dex+4 Slay+3}
                  | (Okawaru gifted it to you on level 2 of the Lair of Beasts)
 11235 | Lair:2   | Reached skill level 1 in Armour
 11239 | Lair:2   | Found a staircase to the Swamp.
 13596 | Lair:5   | Reached XP level 13. HP: 87/106 MP: 17/17
 14345 | Lair:5   | Received a gift from Okawaru
 14490 | Lair:6   | Entered Level 6 of the Lair of Beasts
 14931 | Lair:6   | Reached skill level 5 in Armour
 15248 | Lair:6   | Received a gift from Okawaru
 15386 | Lair:6   | Reached skill level 10 in Long Blades
 16170 | Lair:6   | Found a staircase to the Slime Pits.
 16717 | D:7      | Killed Esos's ghost
 16748 | D:7      | Reached XP level 14. HP: 85/113 MP: 19/19
 16785 | D:7      | Got the ring of Darkness {Fire}
 17675 | D:11     | Received a gift from Okawaru
 17804 | D:11     | Got a scorched cloak
 17815 | D:11     | Identified the +0 cloak "Nyox" {*Corrode +Blink rPois MR+
                  | Int+3} (You acquired it on level 11 of the Dungeon)
 18694 | D:12     | Noticed Maurice
 18710 | D:12     | Killed Maurice
 18727 | D:12     | Noticed Azrael
 19288 | D:12     | Found a burning altar of Makhleb.
 19776 | D:12     | Killed Azrael
 21133 | D:14     | Received a gift from Okawaru
 21164 | D:14     | Noticed Kirke
 21184 | D:14     | Killed Kirke
 21359 | D:14     | Found a gate to the Vaults.
 21703 | D:14     | Received a gift from Okawaru
 21714 | D:14     | Got a dazzling scimitar {god gift}
 21717 | D:14     | Identified the +9 scimitar "Mosuboce" {flame, *Noise *Slow
                  | rPois Dex+9} (Okawaru gifted it to you on level 14 of the
                  | Dungeon)
 21861 | D:14     | Reached XP level 15. HP: 109/119 MP: 18/21
 22018 | D:14     | Found Detzog's Assorted Antiques.
 22052 | D:14     | Noticed Agnes
 22064 | D:14     | Killed Agnes
 22284 | Orc:1    | Entered Level 1 of the Orcish Mines
 22552 | Orc:1    | Reached skill level 10 in Armour
 22559 | Orc:1    | Received a gift from Okawaru
 22652 | Orc:1    | Paralysed by an orc sorcerer for 2 turns
 22844 | Orc:2    | Entered Level 2 of the Orcish Mines
 22990 | Orc:2    | Found a staircase to the Elven Halls.
 23056 | Orc:2    | Found Kugaweir's Book Shoppe.
 23087 | Orc:2    | Found Xaetir's Antique Weapon Shoppe.
 23322 | Orc:2    | Found Toeroull's General Store.
 23331 | Orc:2    | Found Mumaplukh's Gadget Emporium.
 23346 | Orc:2    | Bought the +12 Vampire's Tooth {vamp} for 840 gold pieces
 23346 | Orc:2    | Found the +12 Vampire's Tooth {vamp}
 23465 | Orc:2    | Reached skill level 10 in Shields
 23773 | Snake:1  | Entered Level 1 of the Snake Pit
 23833 | Swamp:1  | Entered Level 1 of the Swamp
 24033 | Swamp:1  | Received a gift from Okawaru
 24042 | Swamp:1  | Got an ancient falchion {god gift}
 24043 | Swamp:1  | Identified the +9 falchion of Impatience {antimagic, rElec}
                  | (Okawaru gifted it to you on level 1 of the Swamp)
 24884 | Swamp:2  | Got a heavily runed granite ring
 24889 | Swamp:2  | Received a gift from Okawaru
 24889 | Swamp:2  | Reached XP level 16. HP: 121/125 MP: 20/22
 24908 | Swamp:2  | Identified the ring "Kaffyu" {rN+ MR+ Dex+2} (You found it
                  | on level 2 of the Swamp)
 25494 | Swamp:3  | Received a gift from Okawaru
 26227 | Swamp:3  | Noticed Louise
 26279 | Swamp:3  | Killed Louise
 26440 | Swamp:4  | Entered Level 4 of the Swamp
 27483 | Swamp:4  | Received a gift from Okawaru
 27506 | Swamp:4  | Noticed a thorn hunter
 27547 | Swamp:4  | Killed a thorn hunter
 27547 | Swamp:4  | Received a gift from Okawaru
 27812 | Swamp:4  | Got a decaying rune of Zot
 28481 | Snake:1  | Noticed Frances
 28493 | Snake:1  | Killed Frances
 28609 | Snake:1  | Found Gexefezi's Gadget Emporium.
 28611 | Snake:1  | Found Vass's General Store.
 28613 | Snake:1  | Found Qalis's Antique Weapon Emporium.
 28758 | Snake:1  | Reached XP level 17. HP: 94/133 MP: 12/23
 28784 | Snake:1  | Found a runed translucent gate.
 28787 | Snake:1  | Received a gift from Okawaru
 28797 | Snake:1  | Found a runed translucent gate.
 28797 | Snake:1  | Found a runed translucent gate.
 28799 | Snake:1  | Noticed Siddir's ghost (journeyman MiBe)
 28984 | Snake:1  | Killed Siddir's ghost
 29023 | Snake:1  | Identified the Volume of the Dusty Glacier
 29424 | Snake:2  | Reached skill level 1 in Short Blades
 29513 | Snake:2  | Noticed Saint Roka
 29556 | Snake:2  | Killed Saint Roka
 29676 | Snake:2  | Noticed Vashnia
 29695 | Snake:2  | Received a gift from Okawaru
 29876 | Snake:2  | Killed Vashnia
 29891 | Snake:2  | Noticed Aizul
 29926 | Snake:2  | Killed Aizul
 30023 | Snake:2  | Reached skill level 5 in Short Blades
 31518 | Snake:3  | Received a gift from Okawaru
 31699 | Snake:4  | Entered Level 4 of the Snake Pit
 32029 | Snake:4  | Reached XP level 18. HP: 142/142 MP: 22/24
 32581 | Snake:4  | Received a gift from Okawaru
 33320 | Snake:4  | Got a serpentine rune of Zot
 33691 | Vaults:1 | Entered Level 1 of the Vaults
 34022 | Vaults:1 | Received a gift from Okawaru
 34267 | Vaults:1 | Found Qul Ept's Weapon Shoppe.
 35244 | Vaults:1 | Reached XP level 19. HP: 151/151 MP: 25/25
 35291 | Vaults:1 | Reached skill level 15 in Dodging
 35294 | Vaults:1 | Got a scintillating golden ring
 35303 | Vaults:1 | Identified the ring "Caleck" {Str+2 Int+4} (You found it on
                  | level 1 of the Vaults)
 35502 | Vaults:2 | Found Beackequ's Antique Armour Shop.
 35690 | Vaults:2 | Reached skill level 10 in Short Blades
 35810 | Vaults:2 | Reached skill level 15 in Armour
 35852 | Vaults:2 | Found a magical portal.
 36147 | WizLab   | Found the +9 staff of Wucad Mu {channel}
 36620 | Vaults:2 | Received a gift from Okawaru
 37125 | Vaults:2 | Found Xomocomi's Antique Armour Emporium.
 37128 | Vaults:2 | Noticed Mara
 37148 | Vaults:2 | Noticed grindst0ne's illusion
 37177 | Vaults:2 | Noticed grindst0ne's illusion
 37228 | Vaults:2 | Found Opies's General Store.
 37533 | Vaults:3 | Found a staircase to the Crypt.
 37598 | Vaults:3 | Killed from afar by a wizard

Levels and vault maps discovered:
D:1:      nicolae_arrival_memento_mori, layout_rooms,
          hangedman_abyss_or_decor_stabs, serial_bayou_pond_e
D:2:      layout_rooms, evilmike_ruin_ashenzari,
          lemuel_zombie_altar_kikubaaqudgha
D:3:      layout_rooms, okawaru_gym_becter, chequers_ecumenical_altar_simple,
          minmay_misc_feat_columns, serial_bayou_lake_a
D:4:      layout_cave_pools, minmay_temple_entry_junction_2
D:5:      layout_gridville, first_ration, basic_altar
D:6:      layout_rooms
D:7:      layout_basic, nicolae_overflow_crystal_walls, gammafunk_ghost_icy,
          serial_bayou, serial_bayou_pond_b, serial_bayou_pond_c,
          serial_bayou_crossing, serial_bayou_pond_d
D:8:      layout_basic, grunt_temple_overflow_holy_war
D:9:      layout_stronghold, minmay_lair_entry_grove, orc_david_3,
          grunt_pizzeria
D:10:     layout_basic, kennysheep_generic_room_7
D:11:     layout_loops_corners, minivault_11, fungi_pond_lemuel
D:12:     layout_long_grid, basic_altar, uniq_maurice, uniq_azrael
D:13:     layout_cave_pods
D:14:     layout_roguey, david_vaults_2, serial_shops, shop,
          hangedman_decor_points, uniq_kirke, uniq_agnes
Lair:1:   layout_regular_city, nzn_random_ring, serial_bayou_shore_a
Lair:2:   layout_gridlike, nicolae_swamp_entry_splash_gauntlet,
          dummy_snake_entry, uniq_sonja
Lair:3:   layout_chaotic_city, infiniplex_staircase_pool
Lair:4:   layout_cave_pods, grunt_megastairs_1
Lair:5:   layout_roguey, serial_rivers, chequers_serial_rivers_large_a,
          chequers_serial_rivers_large_b, chequers_serial_rivers_micro_a,
          chequers_serial_rivers_micro_b, chequers_serial_rivers_micro_d,
          chequers_serial_rivers_micro_e, serial_bayou_shore_b,
          lemuel_fruit_tree
Lair:6:   minmay_lair_end_enchanted_forest, layout_misc_corridors,
          minmay_slime_entry_pillars, chequers_serial_rivers_micro_c,
          st_stairs_11, serial_bayou_pond_b
Swamp:1:  layout_basic_swamp, hangedman_swamp_cone
Swamp:2:  layout_basic_swamp, nicolae_swamp_fairy_circle
Swamp:3:  layout_falls_marsh, hangedman_swamp_ruin_wall, uniq_louise
Swamp:4:  swamp_basic_johnstein, layout_basic_swamp
Snake:1:  layout_basic, gammafunk_ghost_necromancy, minmay_shop_star,
          uniq_frances
Snake:2:  cheibrodos_forgotten_conduit, layout_basic, uniq_saint_roka,
          uniq_aizul, uniq_vashnia
Snake:3:  layout_gridlike
Snake:4:  johnstein_snake_rune_scales, layout_onion_interference
Orc:1:    layout_diamond_mine
Orc:2:    st_orc_open, layout_diamond_mine
Vaults:1: v_misc_17, nicolae_vaults_diagonal_hallway_8,
          ontoclasm_vaults_shuriken, vaults_room_hangedman_quadrants,
          grunt_vaults_funnel, vaults_dpeg_ring, layout_vaults_omnigrid,
          serial_shops, shop
Vaults:2: nicolae_vaults_big_ls, nicolae_vaults_hallways_thing,
          vaults_dpeg_diagonal, hangedman_vaults_capsules,
          hangedman_vaults_stretched_pinwheel, vaults_dpeg_cross,
          vaults_room_semicircle, layout_vaults_big_room,
          infiniplex_enter_wizlab_glasses, serial_shops,
          nicolae_shop_statue_plus, shop, nicolae_shop_behind_doors, uniq_mara
Vaults:3: minmay_crypt_entry_simple_corners, ontoclasm_vaults_eye,
          nicolae_vaults_network_star, nicolae_vaults_network_periphery,
          hangedman_vaults_variations, nicolae_vaults_mini_display_case,
          hangedman_vaults_stagger, v_alt_pattern_4,
          nicolae_vaults_circle_grid_b, v_misc_17, vaults_dpeg_encased_lava,
          ontoclasm_vaults_gateway, layout_vaults_omnicross

Skill      XL: |  1  2  3  4  5  6  7  8  9 10 11 12 13 14 15 16 17 18 19 |
---------------+----------------------------------------------------------+-----
Fighting       | 2 3 4 5 6 8 9 10 11 12 13 14 | 14.1
Dodging        | 4 5 6 8 10 11 12 13 14 15 | 15.5
Long Blades    | 4 5 6 7 9 10 11 12 | 12.3
Invocations    | 2 5 6 7 9 |  9.0
Evocations     | 2 5 6 |  6.0
Shields        | 1 4 6 7 9 10 11 12 13 14 | 14.1
Armour         | 3 7 9 11 13 14 15 | 15.2
Short Blades   | 8 9 11 | 11.3
Throwing       | |  1.5

Action                   |  1- 3 |  4- 6 |  7- 9 | 10-12 | 13-15 | 16-18 | 19-21 || total
-------------------------+-------+-------+-------+-------+-------+-------+-------++-------
Melee: Long sword        |    26 |       |       |       |       |       |       ||    26
       Short sword       |   123 |   158 |   550 |  1062 |  1678 |       |       ||  3571
       Bite              |    13 |    15 |    77 |   206 |   419 |   575 |   184 ||  1489
       Punch             |       |       |       |     1 |       |       |       ||     1
       Scimitar          |       |       |       |       |   361 |   179 |   151 ||   691
       Quick blade       |       |       |       |       |   201 |  2869 |   716 ||  3786
Throw: Throwing net      |       |       |     2 |       |     1 |       |       ||     3
Invok: Heroism           |       |       |     1 |    11 |    13 |     8 |     6 ||    39
       Finesse           |       |       |       |       |       |       |     3 ||     3
Evoke: Wand              |       |       |     2 |    10 |    21 |     6 |       ||    39
       Lightning rod     |       |       |       |     4 |     1 |    12 |       ||    17
       Box of beasts     |       |       |       |       |     1 |       |     1 ||     2
  Use: Scroll            |     9 |     3 |     8 |     8 |    10 |    10 |     3 ||    51
       Potion            |       |     1 |       |     4 |     5 |     5 |     6 ||    21
 Stab: Sleeping          |       |       |     4 |     7 |    14 |     7 |       ||    32
       Held in net/web   |       |       |     2 |       |       |       |       ||     2
       Distracted        |       |       |       |       |     1 |     1 |     1 ||     3
Armor: Leather armour    |    21 |       |   119 |   160 |   322 |   209 |       ||   831
       Scale mail        |    61 |    54 |     9 |       |       |       |       ||   124
       Fire dragon scale |       |       |       |       |       |     5 |   126 ||   131
Dodge: Dodged            |   131 |    81 |   401 |   669 |  1256 |   973 |   302 ||  3813
       Deflected         |       |       |       |     5 |    20 |    75 |       ||   100
Block: Shield            |       |       |       |   356 |  1084 |   971 |   461 ||  2872
       Reflection        |       |       |       |       |       |     4 |    11 ||    15
       Rpst.: Long sword |     9 |       |       |       |       |       |       ||     9
       Scimitar          |       |       |       |       |    45 |    28 |     8 ||    81
